 Dungeon Crawl Stone Soup version 0.21.1-1-g345015f (webtiles) character file.

67 cultivahabas the Caller (level 4, 24/24 HPs)
             Began as a Deep Elf Summoner on Apr 21, 2018.
             Quit the game on level 4 of the Dungeon on Apr 23, 2018.
             The game lasted 00:20:01 (1805 turns).

cultivahabas the Caller (Deep Elf Summoner)         Turns: 1805, Time: 00:20:03

Health: 24/24      AC:  3    Str:  5      XL:     4   Next: 0%
Magic:  10/12      EV: 13    Int: 20 (21) God:
Gold:   38         SH:  0    Dex: 14 (15) Spells: 5/11 levels left

rFire    . . .     SeeInvis .   (no weapon)
rCold    . . .     Gourm    .   (no shield)
rNeg     . . .     Faith    .   a - +1 robe
rPois    .         Spirit   .   (no helmet)
rElec    .         Reflect  .   (no cloak)
rCorr    .         Harm     .   (no gloves)
MR       .....                  (no boots)
Stlth    ++........             (no amulet)
HPRegen  0.08/turn              (no ring)
MPRegen  0.13/turn              (no ring)

@: no status effects
A: no striking features
a: no special abilities


You were on level 4 of the Dungeon.
You were not hungry.

You visited 1 branch of the dungeon, and saw 4 of its levels.

You collected 38 gold pieces.

Inventory:

Missiles
 f - 90 stones (quivered)
Armour
 a - a +1 robe (worn)
Jewellery
 d - an uncursed amulet of rage
Scrolls
 e - a scroll of identify
 h - a scroll of amnesia {unknown}
 k - a scroll of enchant weapon {unknown}
 l - a scroll of fear {unknown}
 m - a scroll of random uselessness {unknown}
 n - a scroll of enchant armour
 p - a scroll of teleportation {unknown}
Potions
 i - a potion of magic
 j - 2 potions of haste {unknown}
Books
 b - a book of Callings

   Spells                             Type                      Level
   a - Summon Small Mammal            Summoning                    1
   b - Call Imp                       Summoning                    2
   c - Call Canine Familiar           Summoning                    3
   d - Summon Guardian Golem          Hexes/Summoning              3
   e - Summon Lightning Spire         Summoning/Air                4
   f - Summon Ice Beast               Ice/Summoning                4
Comestibles
 c - 3 rations
 g - 2 chunks of flesh


   Skills:
 - Level 2.4 Dodging
 - Level 2.4 Stealth
 + Level 4.3 Spellcasting
 * Level 5.5 Summonings


You had 5 spell levels left.
You knew the following spells:

 Your Spells              Type           Power        Failure   Level  Hunger
a - Summon Small Mammal   Summ           ####         1%          1    None
b - Call Imp              Summ           ####....     1%          2    #......
c - Call Canine Familiar  Summ           ####....     3%          3    ###....


Dungeon Overview and Level Annotations

Branches:
Dungeon (4/15)
 Temple: D:4-7

Altars:
Ashenzari
Trog


Message History

The leopard gecko bites your rat.
Your rat dies!
Your rat's corpse disappears in a puff of smoke!
Your quokka barely misses the leopard gecko.
Your quokka closely misses the leopard gecko.
The leopard gecko barely misses you.
Your quokka closely misses the leopard gecko.
You hit the leopard gecko.
You kill the leopard gecko!
You have reached level 4!
You feel clever.
You swap places.
You see here a leopard gecko corpse.
You butcher the leopard gecko corpse.
g - 2 chunks of flesh Unknown command.
Save game and exit?
Welcome back, cultivahabas the Deep Elf Summoner.
Press ? for a list of commands and other information.
Are you sure you want to abandon this character and quit the game? (Confirm with "yes".)

#.# #.#
####.###
#......#
#.##.#.#
#.#..#.#
#.#.## #
#.#r##.#
#..@...#
..##.###.####
#........#
..##.#####


You could see a friendly quokka.

Vanquished Creatures
  A leopard gecko (D:4)
1 creature vanquished.

Vanquished Creatures (collateral kills)
  Natasha (D:3)
  A worker ant (D:4)
  2 adders (D:3)
  A dart slug (D:4)
  An orc (D:3)
  5 bats
  4 giant cockroaches
  6 hobgoblins
  4 kobolds
  2 frilled lizards
  11 goblins
  A jackal skeleton (D:4)
  7 rats
46 creatures vanquished.

Vanquished Creatures (others)
  A withered plant (D:2)
1 creature vanquished.

Grand Total: 48 creatures vanquished

Notes
Turn   | Place    | Note
-------+----------+-------------------------------------------
     0 | D:1      | cultivahabas the Deep Elf Summoner began the quest for the Orb.
     0 | D:1      | Reached XP level 1. HP: 10/10 MP: 6/6
   203 | D:1      | Found a shattered altar of Ashenzari.
   438 | D:1      | Reached XP level 2. HP: 15/15 MP: 6/8
   454 | D:1      | Learned a level 2 spell: Call Imp
   746 | D:1      | You fall through a shaft!
  1047 | D:2      | Reached skill level 5 in Summonings
  1195 | D:3      | Reached XP level 3. HP: 19/19 MP: 10/10
  1217 | D:3      | Learned a level 3 spell: Call Canine Familiar
  1380 | D:3      | Noticed Natasha
  1399 | D:3      | Killed Natasha
  1756 | D:4      | Found a bloodstained altar of Trog.
  1800 | D:4      | Reached XP level 4. HP: 24/24 MP: 10/12
  1805 | D:4      | Quit the game

Skill      XL: |  1  2  3 |
---------------+----------+-----
Summonings     | 5 |  5.5
Spellcasting   | 4 |  4.3
Dodging        | |  2.4
Stealth        | |  2.4

Action                   |  1- 3 |  4- 6 || total
-------------------------+-------+-------++-------
Melee: Unarmed           |     6 |       ||     6
Throw: Stone             |     7 |       ||     7
 Cast: Summon Small Mamm |    89 |       ||    89
       Call Canine Famil |     5 |       ||     5
  Use: Potion            |     3 |       ||     3
       Scroll            |     2 |       ||     2
  Eat: Chunk             |     3 |       ||     3
Armor: Robe              |    11 |       ||    11
Dodge: Dodged            |    58 |       ||    58
